 Dungeon Crawl Stone Soup version 0.28-a0-1594-ga885d4b3d6 (webtiles) character file.

Game seed: 9325836175926236684

26 siradein the Magician (level 3, -1/25 HPs)
             Began as a Djinni Fire Elementalist on Jan 21, 2022.
             Slain by Robin (4 damage)
             ... on level 1 of the Dungeon.
             The game lasted 00:04:30 (1263 turns).

siradein the Magician (Djinni Fire Elementalist)    Turns: 1263, Time: 00:04:31

Health: -1/25      AC:  2    Str:  7    XL:     3   Next: 22%
Gold:   45         EV: 12    Int: 18    God:
                   SH:  0    Dex: 13

rFire   + + .      SeeInvis .   (no weapon)
rCold   x . .      Faith    .   (no shield)
rNeg    . . .      Spirit   .   a - +0 robe
rPois   ∞          Reflect  .   (no helmet)
rElec   .          Harm     .   (no cloak)
rCorr   .          Rampage  .   (no gloves)
Will    .....                   (boots unavailable)
Stlth   ++........              (no amulet)
HPRegen 0.08/turn               (no ring)
MPRegen 0.00/turn               (no ring)

@: flying
A: sickness immunity, fire resistance 2, cold vulnerability 1, float, innate
caster, hp casting, extra vitality 1
a: no special abilities


You were on level 1 of the Dungeon.
You visited 1 branch of the dungeon, and saw 2 of its levels.

You collected 45 gold pieces.

Inventory:

Armour
 a - a +0 robe (worn)
Scrolls
 c - 2 scrolls of identify {unknown}
 e - 3 scrolls of teleportation {unknown}
Potions
 b - a potion of curing {unknown}
 d - a potion of lignification {unknown}


   Skills:
 - Level 2.1 Dodging
 + Level 2.4 Stealth
 + Level 2.9 Spellcasting


You couldn't memorise any spells.
You knew the following spells:

 Your Spells              Type           Power      Damage    Failure   Level
a - Foxfire               Conj/Fire      52%        2x1d6     4%          1
b - Scorch                Fire           26%        2d6       8%          2
c - Conjure Flame         Conj/Fire      13%        6-21      16%         3
d - Inner Flame           Hex/Fire       13%        N/A       16%         3
e - Flame Wave            Conj/Fire      13%        2d5       45%         4
f - Animate Skeleton      Necr           26%        N/A       4%          1
Your spell library was empty.

Dungeon Overview and Level Annotations

Branches:
Dungeon (2/15)

Altars:

Annotations:
D:1 Robin


Innate Abilities, Weirdness & Mutations

You are immune to sickness and miasma.
You are immune to poison.
Your flesh is very heat resistant. (rF++)
You are vulnerable to cold. (rC-)
You float through the air rather than walking.
You learn spells naturally, not from books.
Your magical power is your life essence.
You have superior vitality. (+4 MHP)


Message History

You conjure some foxfire!
The goblin hits you but does no damage. The goblin barely misses you.
The foxfire hits the goblin.
You kill the goblin!
The foxfire hits the goblin.
You kill the goblin!
You start resting.
HP restored.
You fly downwards.
Level annotation: Robin
There is a stone staircase leading up here.
The kobold throws a stone.
The stone barely misses you.
Robin roars a battlecry!
The goblins go into a battle-frenzy!
You fly upwards.
There is a stone staircase leading down here.
You fly downwards.
Level annotation: Robin The goblin unwields a +0 club.
The goblin wields a +2 hunting sling of freezing.
It is covered in frost.
The goblin shoots a stone.
The stone hits you. The stone freezes you. The goblin barely misses you.
Robin throws the goblin at you!
The goblin shoots a stone.
The stone hits you! The stone freezes you.
* * * LOW HITPOINT WARNING * * *
The goblin closely misses you.
There is a stone staircase leading up here.
Robin hits you but does no damage.
The goblin shoots a stone.
The stone misses you.
The stone closely misses the goblin.
The goblin hits you with a +0 club.
* * * LOW HITPOINT WARNING * * *
You fly upwards.
There is a stone staircase leading down here.
Robin closely misses you. Robin throws the goblin at you!
* * * LOW HITPOINT WARNING * * *
The goblin hits you with a +0 club.
* * * LOW HITPOINT WARNING * * *
You closely miss the goblin. Robin hits you with a +6 club.
You die...

.....# #..# .###.######## ##.#
.....##.....# #.# .######.....#
#.# .## #.....# ####.#### ..###
#.....# ##)>.)...#
#...####....####...)).#.#
≈≈≈≈≈≈###........g##..#.#
#...############@.#...#.#
..........# #g.#.#.#.#
..#.#####.# #..#.#.#.#
....#####.# #........####
..........######.##.#......#
....##.#......##.##.#.####.#
..#.##.#..#.........#.####.#####
###.........#.#####............##
#.####..###.#####.#.##...##...#


You could see Robin and a goblin (strong).

Vanquished Creatures
  2 ball pythons (D:1)
  A giant cockroach (D:1)
  6 goblins
  5 hobgoblins (D:1)
  A kobold (D:1)
  A quokka (D:1)
  4 bats (D:1)
  A frilled lizard (D:1)
  3 rats (D:1)
24 creatures vanquished.

Vanquished Creatures (others)
  47 foxfires
  5 toadstools (D:1)
52 creatures vanquished.

Grand Total: 76 creatures vanquished

Notes
Turn   | Place    | Note
-------+----------+-------------------------------------------
     0 | D:1      | siradein the Djinni Fire Elementalist began the quest for
                  | the Orb.
     0 | D:1      | Reached XP level 1. HP: 15/15 MP: 0/0
   132 | D:1      | Reached XP level 2. HP: 20/21 MP: 0/0
   518 | D:1      | Found a faded altar of an unknown god.
   779 | D:1      | Reached XP level 3. HP: 21/25 MP: 0/0
   779 | D:1      | Learned a level 1 spell: Animate Skeleton
   968 | D:2      | Noticed Robin
  1263 | D:1      | Slain by Robin

Illustrated notes

Levels and vault maps discovered:
D:1:      ldierk_walled_garden, layout_loops_cross,
          chequers_ecumenical_altar_simple_redux,
          minmay_misc_feat_secret_circle, chequers_serial_rivers_micro_a
D:2:      layout_basic, serial_aquarium, aquarium_bridge_square
          [aquarium_subvault_wall, aquarium_subvault_wall,
          aquarium_subvault_wall, aquarium_subvault_bridge], aquarium_window_1,
          aquarium_window_corridor_3, aquarium_view_2b, aquarium_view_2c,
          aquarium_balcony_1b, aquarium_pool_2, serial_shops, shop,
          hangedman_decor_lopped, lemuel_old_faithful, uniq_robin

Skill      XL: |  1  2 |
---------------+-------+-----
Stealth        | 2 |  2.4
Dodging        | |  2.1
Spellcasting   | |  2.9

Action                   || total
-------------------------++-------
Melee: Unarmed           ||     8
 Cast: Foxfire           ||    32
Armor: Robe              ||    14
Dodge: Dodged            ||    26

Table legend: (Time is in decaauts)
 A = Elapsed time spent in this place.
 B = Non-inter-level travel time spent in this place.
 C = Inter-level travel time spent in this place.
 D = Time resting spent in this place.
 E = Time spent auto-exploring this place.
 F = Levels seen in this place.
 G = Mean time per level.
                   A        B        C        D        E       F      G
               +--------+--------+--------+--------+--------+-----+--------+
         Total |   1266 |   1257 |      9 |    251 |    858 |   2 |  633.0 |
       Dungeon |   1266 |   1257 |      9 |    251 |    858 |   2 |  633.0 |
               +--------+--------+--------+--------+--------+-----+--------+

Top non-repeatable levels by time:
     D:1: 1229 daAuts
     D:2: 37 daAuts
